Map: [ESL] Site Delta

Players

Serral - Winner!

  • Race: Zerg Zerg
  • Spawn Location: 5:00

Astrea

  • Race: Protoss Protoss
  • Spawn Location: 11:00

Event: IEM Katowice 2024

VOD

Have the link to the VOD?

Description

Time

  • Played on: Feb. 9, 2024, 1:44 p.m.
  • Length: 14:57

All games in this series

Show
View Real Time Build Order
Export as new Build Order

Serral Zerg - Winner!

Build Orders: Hatch First 

Get SALT Encoding   

  12  0:00  Drone  
  13  0:11  Overlord  
  13  0:16  Drone  
  14  0:30  Drone x2  
  16  0:45  Drone  
  17  0:51  Hatchery  
  17  0:54  Drone  
  17  0:57  Drone  
  18  1:09  Extractor  
  17  1:13  Spawning Pool  
  17  1:16  Drone  
  17  1:19  Drone  
  18  1:27  Drone  
  19  1:38  Drone  
  20  1:49  Overlord  
  20  2:00  Queen  
  22  2:03  Queen  
  22  2:04  Zergling x4  
  26  2:09  Metabolic Boost  
  26  2:12  Drone  
  26  2:14  Drone  
  28  2:21  Drone  
  29  2:24  Drone  
  30  2:36  Hatchery  
  29  2:41  Drone  
  30  2:44  Queen  
  30  2:47  Zergling x2  
  30  2:51  Overlord  
  33  2:57  Drone x2  
  35  3:01  Drone  
  35  3:03  Spore Crawler  
  35  3:10  Overlord  
  35  3:11  Drone x3  
  37  3:15  Overlord  
  37  3:18  Drone  
  38  3:20  Drone  
  38  3:21  Drone  
  38  3:26  Drone  
  41  3:30  Queen  
  43  3:35  Queen  
  43  3:37  Drone  
  46  3:43  Drone  
  46  3:44  Drone x2  
  49  3:51  Queen  
  49  3:52  Drone x2  
  53  3:57  Roach Warren  
  53  3:59  Drone  
  53  4:02  Overlord  
  53  4:05  Drone  
  53  4:06  Drone  
  56  4:10  Drone x2  
  56  4:12  Overlord  
  56  4:15  Overlord  
  56  4:18  Zergling x2  
  56  4:21  Zergling x4  
  56  4:24  Overlord  
  59  4:27  Zergling x4  
  59  4:29  Overlord  
  61  4:34  Lair  
  61  4:37  Drone x3  
  64  4:41  Drone x3  
  64  4:43  Drone  
  64  4:44  Drone x2  
  71  4:45  Drone  
  71  4:48  Drone  
  72  4:53  Drone x3  
  72  4:56  Extractor  
  74  5:00  Zergling x4  
  74  5:05  Extractor x2  
  74  5:08  Drone x6  
  80  5:16  Drone x2  
  80  5:18  Queen  
  80  5:20  Queen  
  80  5:21  Overlord  
  85  5:22  Drone x2  
  85  5:26  Overlord  
  85  5:28  Drone  
  88  5:29  Overlord  
  88  5:33  Drone x3  
  88  5:34  Overseer, Spire  
  90  5:36  Extractor  
  90  5:37  Overlord  
  90  5:41  Extractor, Spore Crawler  
  90  5:42  Spore Crawler  
  88  5:43  Roach  
  88  5:48  Roach x2  
  94  5:53  Drone x2  
  94  5:56  Roach x4  
  104  6:02  Overlord  
  104  6:03  Glial Reconstitution  
  104  6:04  Overlord  
  104  6:05  Roach  
  104  6:10  Roach x4  
  114  6:17  Hatchery  
  113  6:21  Overlord x2  
  113  6:25  Drone  
  113  6:27  Drone x2  
  113  6:30  Evolution Chamber  
  113  6:31  Overlord  
  113  6:35  Overlord  
  113  6:36  Drone x3  
  115  6:46  Mutalisk x6  
  115  6:48  Overlord  
  127  6:58  Mutalisk  
  127  7:01  Drone x2  
  131  7:04  Extractor x2  
  131  7:05  Roach x4  
  137  7:09  Zergling x2, Roach x2  
  137  7:10  Zergling x2  
  137  7:13  Ravager x2  
  145  7:16  Roach x2  
  145  7:18  Roach  
  151  7:23  Roach x5  
  161  7:30  Overlord  
  161  7:31  Roach x2  
  161  7:33  Ravager  
  161  7:36  Roach x3  
  172  7:38  Overlord  
  172  7:50  Drone x2  
  167  7:53  Drone x2  
  167  7:56  Zerg Missile Weapons Level 1, Overlord  
  169  7:59  Overlord x2  
  169  8:03  Mutalisk x4  
  175  8:09  Mutalisk  
  171  8:17  Overlord x2  
  171  8:21  Mutalisk x2  
  171  8:24  Overlord  
  171  8:26  Mutalisk x2, Drone x2  
  177  8:27  Hatchery  
  177  8:30  Zergling x14  
  187  8:38  Mutalisk x2  
  191  8:43  Overlord  
  189  8:50  Overseer  
  189  8:57  Mutalisk x4  
  189  9:01  Spine Crawler  
  190  9:14  Mutalisk x3  
  190  9:15  Zergling x8  
  200  9:22  Overlord  
  196  9:24  Hatchery  
  196  9:25  Mutalisk x2  
  196  9:34  Drone x3  
  196  9:35  Overlord  
  199  9:50  Overlord  
  197  9:57  Mutalisk x3, Hatchery  
  197  9:58  Extractor  
  199  10:03  Extractor  
  183  10:15  Mutalisk  
  183  10:16  Mutalisk x6, Zergling x2  
  183  10:17  Zergling x30  
  160  10:23  Mutalisk  
  160  10:25  Zergling x10  
  158  10:34  Mutalisk x3  
  158  10:35  Zergling x4  
  166  10:44  Mutalisk x2, Zergling x2  
  166  10:45  Zergling x6  
  166  10:47  Mutalisk  
  174  10:51  Mutalisk  
  175  10:59  Mutalisk  
  171  11:06  Zergling x6  
  157  11:15  Zergling x2  
  157  11:17  Drone  
  151  11:19  Spire  
  151  11:22  Zergling x6  
  140  11:44  Hatchery  
  120  12:03  Drone  
  107  12:18  Hatchery  
  105  12:44  Hatchery  
  102  13:12  Drone x2  
  104  13:34  Drone  
  106  13:44  Hatchery  
  105  13:53  Drone x2  
  105  13:55  Overseer  
  107  14:03  Drone  
  108  14:16  Spawning Pool  
  107  14:22  Drone  
  108  14:30  Drone  
  109  14:37  Drone  
Show
View Real Time Build Order
Export as new Build Order

Astrea Protoss 

Build Orders: 1 Gate Expand, Archon Immortal 

Get SALT Encoding   

  12  0:00  Probe  
  13  0:12  Probe  
  14  0:17  Pylon  
  14  0:24  Probe (Chrono Boost)  
  15  0:36  Probe (Chrono Boost)  
  15  0:39  Gateway  
  16  0:44  Probe (Chrono Boost)  
  16  0:49  Assimilator  
  17  0:51  Probe  
  18  1:03  Probe  
  19  1:15  Probe  
  20  1:26  Nexus  
  20  1:27  Probe  
  21  1:37  Cybernetics Core  
  21  1:42  Assimilator  
  21  1:45  Probe  
  22  1:51  Pylon  
  22  1:57  Probe  
  23  2:09  Probe (Chrono Boost)  
  23  2:10  Adept (Chrono Boost)  
  23  2:13  Warp Gate  
  26  2:20  Robotics Facility  
  26  2:21  Probe (Chrono Boost)  
  27  2:27  Probe (Chrono Boost)  
  28  2:33  Stalker (Chrono Boost)  
  28  2:36  Probe  
  31  2:39  Probe  
  32  2:48  Probe  
  32  2:51  Probe  
  34  2:56  Gateway  
  34  3:00  Probe  
  34  3:03  Probe  
  36  3:12  Adept, Warp Prism (Chrono Boost), Probe  
  37  3:19  Probe  
  40  3:24  Probe  
  41  3:29  Pylon  
  41  3:31  Probe  
  42  3:36  Probe  
  44  3:41  Observer  
  44  3:47  Probe  
  45  3:49  Probe  
  46  3:59  Assimilator, Probe  
  46  4:00  Assimilator  
  46  4:01  Probe  
  46  4:02  Adept x2  
  52  4:06  Stargate  
  52  4:09  Stargate  
  52  4:11  Probe  
  52  4:13  Probe  
  54  4:23  Pylon  
  54  4:36  Nexus  
  54  4:38  Immortal (Chrono Boost)  
  54  4:41  Probe x2, Forge  
  54  4:44  Twilight Council  
  60  4:52  Sentry  
  62  4:54  Pylon  
  62  4:57  Pylon  
  62  5:10  Immortal (Chrono Boost)  
  62  5:12  Probe x2  
  68  5:16  Sentry  
  68  5:18  Protoss Ground Weapons Level 1 (Chrono Boost)  
  68  5:20  Shield Battery  
  70  5:22  Charge  
  70  5:23  Pylon  
  70  5:24  Probe x2  
  72  5:33  Gateway x2, Templar Archives  
  72  5:37  Probe x2  
  72  5:41  Gateway  
  74  5:42  Zealot  
  74  5:44  Immortal  
  78  5:50  Probe x2 (Chrono Boost)  
  78  5:56  Probe (Chrono Boost)  
  83  6:03  Gateway  
  85  6:06  Probe (Chrono Boost)  
  85  6:07  Probe (Chrono Boost)  
  85  6:08  Probe (Chrono Boost)  
  86  6:13  Probe  
  86  6:14  Probe  
  86  6:18  Probe  
  89  6:20  Immortal (Chrono Boost)  
  89  6:22  Zealot  
  92  6:28  Probe x2  
  92  6:31  Zealot, High Templar  
  92  6:32  High Templar  
  100  6:34  Pylon  
  100  6:36  Pylon  
  99  6:43  Archon  
  98  6:49  High Templar  
  98  6:51  Probe  
  98  6:52  Gateway, Blink (Chrono Boost), Probe  
  98  6:53  Pylon  
  102  6:57  High Templar  
  102  6:58  Zealot x2  
  102  7:00  Probe  
  109  7:03  Probe  
  109  7:04  Pylon  
  109  7:06  Archon  
  110  7:09  Zealot x2  
  110  7:11  Probe  
  110  7:12  Probe  
  110  7:13  Photon Cannon  
  110  7:14  Pylon  
  116  7:16  Pylon  
  116  7:17  Immortal  
  116  7:19  Probe  
  121  7:24  Assimilator, Photon Cannon  
  121  7:28  Assimilator, Photon Cannon  
  121  7:34  Stalker x3  
  127  7:37  Protoss Ground Weapons Level 2 (Chrono Boost)  
  127  7:38  Stalker  
  128  7:45  Forge  
  124  7:53  Stalker x3  
  124  7:55  Probe x2  
  124  7:56  Probe  
  130  8:08  Probe x2  
  130  8:11  Observer (Chrono Boost)  
  130  8:12  Probe  
  127  8:14  Psionic Storm  
  127  8:18  Zealot x5  
  137  8:20  Probe  
  137  8:23  Protoss Ground Armor Level 1 (Chrono Boost)  
  138  8:28  Zealot x2  
  138  8:29  Pylon  
  139  8:35  Probe x2  
  139  8:40  Nexus  
  138  8:45  High Templar x3  
  138  8:47  Probe x3  
  147  8:53  Immortal  
  151  8:59  Probe x3  
  154  9:10  High Templar  
  154  9:13  Pylon  
  154  9:14  Pylon  
  142  9:24  Stalker x5  
  148  9:34  Probe  
  148  9:38  Stalker  
  148  9:45  Stalker  
  150  9:50  Warp Prism  
  137  10:10  Nexus, Stalker x5  
  113  10:27  Stalker x2  
  115  10:32  Stalker x4  
  122  10:37  Stalker  
  121  10:54  High Templar  
  121  10:55  High Templar x3  
  121  10:56  Stalker x2  
  132  11:00  Archon x2  
  90  12:06  Pylon  
  89  12:29  Nexus  
  73  12:48  Pylon  
  73  13:25  Observer  
  73  13:45  Observer  
  73  13:46  Observer  
  68  14:19  Gateway  

Tags
 
Add a new tag
Caveats
  • Supply blocks, unpowered buildings, or Contaminate may cause inaccurate times.
  • Supply counts are checked every 10 seconds.